 Dungeon Crawl Stone Soup version 0.23.2-30-g0e89c35 (webtiles) character file.

Game seed: 15420582757920806358

304 DarkinPup the Slasher (level 6, -12/48 HPs)
             Began as a Demonspawn Gladiator on June 19, 2019.
             Was an Initiate of Yredelemnul.
             Mangled by a two-headed ogre
             ... wielding a cursed -1 giant club
              (14 damage)
             ... on level 4 of the Dungeon.
             The game lasted 00:05:54 (3465 turns).

DarkinPup the Slasher (Demonspawn Gladiator)        Turns: 3465, Time: 00:05:56

Health: -12/48     AC: 14    Str: 16    XL:     6   Next: 15%
Magic:  6/6        EV:  3    Int:  9    God:    Yredelemnul [......]
Gold:   162        SH: 15    Dex: 15    Spells: 5/5 levels left

rFire    x . .     SeeInvis .   a - +0 long sword
rCold    + . .     Gourm    .   g - +0 large shield
rNeg     . . .     Faith    .   n - +0 chain mail
rPois    .         Spirit   .   (helmet restricted)
rElec    .         Reflect  +   (no cloak)
rCorr    .         Harm     .   (no gloves)
MR       .....                  (no boots)
Stlth    ..........             m - +3 amulet of reflection
HPRegen  0.16/turn              r - ring of ice
MPRegen  0.10/turn              (no ring)

@: sanguine armour
A: antennae 1, demonic guardian 1, sanguine armour 1
a: Renounce Religion


You were on level 4 of the Dungeon.
You worshipped Yredelemnul.
Yredelemnul was noncommittal.
You were hungry.

You visited 1 branch of the dungeon, and saw 4 of its levels.

You collected 162 gold pieces.

Inventory:

Hand Weapons
 a - a +0 long sword (weapon)
Missiles
 d - 4 throwing nets (quivered)
Armour
 b - a +0 leather armour
 g - a +0 large shield (worn)
 n - a +0 chain mail (worn)
Jewellery
 m - a +3 amulet of reflection (around neck)
 r - a ring of ice (left hand)
Scrolls
 c - 3 scrolls of identify {unknown}
 e - 2 scrolls of remove curse {unknown}
 i - 3 scrolls of teleportation {unknown}
 k - a scroll of blinking {unknown}
 o - a scroll of fear {unknown}
 q - a scroll of enchant weapon {unknown}
 s - a scroll of amnesia {unknown}
Potions
 h - 3 potions of heal wounds {unknown}
 j - a potion of mutation {unknown}
 l - a potion of curing {unknown}
 p - a potion of agility {unknown}
 t - a potion of cancellation {unknown}
Comestibles
 f - 5 rations


   Skills:
 * Level 3.7 Fighting
 * Level 4.0 Long Blades
 - Level 1.7 Throwing
 + Level 1.4 Armour
 - Level 3.3 Dodging
 * Level 2.3 Shields


You had 5 spell levels left.
You didn't know any spells.
Your spell library was empty.

Dungeon Overview and Level Annotations

Branches:
Dungeon (4/15)
 Temple: D:4-7

Altars:
Dithmenos
Makhleb
Trog
Yredelemnul


Innate Abilities, Weirdness & Mutations

You have a pair of small antennae on your head.
A weak demonic guardian rushes to your aid.
When seriously injured, your bleeding wounds create armour. (AC +6)


Message History

Your quasit barely misses the two-headed ogre.
Your quasit claws the two-headed ogre but does no damage.
Something misses your quasit.
You slash the two-headed ogre!
The two-headed ogre is moderately wounded.
Your quasit bites the two-headed ogre.
Your quasit claws the two-headed ogre but does no damage.
Your quasit closely misses the two-headed ogre.
The adder skeleton bites your quasit.
Your quasit dies!
The two-headed ogre hits you with a cursed -1 giant club!
Your blood congeals into armour.
The two-headed ogre hits you with a +0 giant spiked club.
You hit the two-headed ogre.
The two-headed ogre is moderately wounded.
The two-headed ogre hits you with a cursed -1 giant club!!
* * * LOW HITPOINT WARNING * * *
The two-headed ogre hits you with a +0 giant spiked club!
You die...
Your body rises from the dead as a mindless zombie.

#.#..##.#.# .
#.......#.#
..#.#.......#.#
..........###.#
..#.#...#.#.#.#
#.#.........###
#...Z...#.....#
≈.P....#.#ZZZ#.#
.≈≈≈..##....#.#@###
≈≈≈≈P#......Z.Oa5.#
≈≈≈≈Z#..#)..#ZZ...#
.≈ ##.....#..^..#
.Z....+....##
###....#....#
+..).#....#
#....##...# ##+##


You could see a two-headed ogre, a worker ant, a hound zombie, a centaur zombie,
an adder skeleton and a friendly iron imp.

Vanquished Creatures
  An ogre (D:3)
  A hound (D:2)
  Terence (D:3)
  5 adders
  3 oozes (D:1)
  A worm (D:4)
  3 dart slugs
  A leopard gecko (D:2)
  4 orcs (D:3)
  3 giant cockroaches
  5 hobgoblins
  5 jackals (D:1)
  2 quokkas
  6 bats
  9 frilled lizards
  12 goblins
  15 kobolds
  A quokka skeleton (D:4)
  10 rats
  A spectral orc (D:3)
89 creatures vanquished.

Vanquished Creatures (collateral kills)
  A centaur skeleton (D:2)
  A goblin (D:2)
2 creatures vanquished.

Grand Total: 91 creatures vanquished

Notes
Turn   | Place    | Note
-------+----------+-------------------------------------------
     0 | D:1      | DarkinPup the Demonspawn Gladiator began the quest for the
                  | Orb.
     0 | D:1      | Reached XP level 1. HP: 16/16 MP: 1/1
    28 | D:1      | Gained mutation: A weak demonic guardian rushes to your
                  | aid. [demonic ancestry]
    28 | D:1      | Reached XP level 2. HP: 17/22 MP: 2/2
    52 | D:1      | You fall through a shaft!
   109 | D:2      | Reached skill level 3 in Long Blades
   164 | D:2      | Gained mutation: You have a pair of small antennae on your
                  | head. [demonic ancestry]
   164 | D:2      | Reached XP level 3. HP: 16/28 MP: 3/3
  1152 | D:1      | Reached skill level 1 in Shields
  1684 | D:2      | Reached XP level 4. HP: 18/34 MP: 4/4
  2094 | D:2      | Found a burning altar of Makhleb.
  2177 | D:2      | Gained mutation: When seriously injured, your bleeding
                  | wounds create armour. (AC +6) [demonic ancestry]
  2177 | D:2      | Reached XP level 5. HP: 35/41 MP: 5/5
  2531 | D:3      | Found a basalt altar of Yredelemnul.
  2542 | D:3      | Became a worshipper of Yredelemnul the Dark
  2643 | D:3      | Found a shadowy altar of Dithmenos.
  2661 | D:3      | Reached skill level 1 in Armour
  2709 | D:3      | Noticed Terence
  2733 | D:3      | Killed Terence
  3045 | D:3      | Noticed an ogre
  3058 | D:3      | Killed an ogre
  3058 | D:3      | Reached skill level 4 in Long Blades
  3058 | D:3      | Reached XP level 6. HP: 26/48 MP: 6/6
  3073 | D:3      | Found a bloodstained altar of Trog.
  3224 | D:4      | Noticed a two-headed ogre
  3465 | D:4      | HP: 2/48 [two-headed ogre/cursed -1 giant club (23)]
  3465 | D:4      | Mangled by a two-headed ogre

Skill      XL: |  1  2  3  4  5 |
---------------+----------------+-----
Dodging        | 3 |  3.3
Long Blades    | 3 4 |  4.0
Shields        | 1 2 |  2.3
Fighting       | 3 |  3.7
Armour         | 1 |  1.4
Throwing       | |  1.7

Action                   |  1- 3 |  4- 6 || total
-------------------------+-------+-------++-------
Melee: Long sword        |   132 |   196 ||   328
 Stab: Sleeping          |     1 |       ||     1
  Eat: Chunk             |     2 |     6 ||     8
Armor: Leather armour    |    33 |       ||    33
       Chain mail        |       |    88 ||    88
Dodge: Dodged            |    62 |    25 ||    87
Block: Large shield      |    59 |   198 ||   257
       Reflection        |       |    18 ||    18
       Rpst.: Long sword |    17 |     5 ||    22
